[Event "Early-Titled-Tuesday-Blitz-July-09-2024"]
[Site "Chess.com"]
[Date "2024.07.09"]
[Round "6"]
[White "Suleyman_Chess06"]
[Black "sirinbaba33"]
[Result "1/2-1/2"]
[WhiteElo "2735"]
[BlackElo "2575"]
[TimeControl "180+1"]
[EndTime "9:11:32 PDT"]
[Termination "Game drawn by stalemate"]

1. Nf3 d5 2. g3 Nf6 3. Bg2 e6 4. O-O Be7 5. d4 b5 6. c4 bxc4 7. Ne5 O-O 8. Nxc4 c5 9. Ne5 Bb7 10. Nc3 cxd4 11. Qxd4 Nfd7 12. Bf4 Nxe5 13. Qxe5 Nc6 14.
Qh5 Na5 15. Rfd1 Qb6 16. b3 Rac8 17. Be5 Nc6 18. Na4 Qa6 19. Bc3 Rfd8 20. Qg4 g6 21.
e3 Ba8 22. h4 h5 23. Qf4 e5 24. Bxe5 Nxe5 25. Qxe5 Bf6 26. Qf4 Bxa1 27. Rxa1 Qe2 28. Bf3 Qd2 29. Qd4 Qxd4 30. exd4 Rc2 31. Nc5 Rd2 32. Rd1 Rxa2 33. Re1 Rd2 34. Re7 a5 35.
Ra7 Rxd4 36. Rxa5 Rb4 37. Kf1 Bc6 38. Ke2 Rb5 39. Rxb5 Bxb5+ 40. Kd2 d4 41. Be4 Kg7 42. b4 Kf6 43. Bd3 Bxd3 44. Kxd3 Ke5 45. b5 Kd5 46.
Nb3 Ra8 47. b6 Ra3 48. Kc2 Ra6 49. Kd3 Rxb6 50. Nxd4 Ra6 51. Nc2 Ke5 52. Ke3 Rb6 53. Nd4 Ra6 54. Nf3+ Kf5 55. Ke2 Ra2+ 56. Kf1 f6 57.
Kg2 Ra3 58. Nd4+ Ke5 59. Ne2 Ra2 60. Nf4 Kf5 61. Nd5 Rd2 62. Nf4 Rd8 63. Kf3 Re8 64.
Nd5 g5 65. Ne3+ Kg6 66. Kg2 g4 67. Kf1 f5 68. Nd5 Rh8 69. Ke2 Kf7 70. Nf4 Kf6 71. Kd3 Rh7 72. Ke3 Ke5 73. Nd3+ Kd5 74. Kf4 Kd4 75. Ne5 Rh8 76. Ng6 Rh7 77. Kxf5 Rf7+ 78. Kg5 Rxf2 79. Kxh5 Kd5 80. Kxg4 Ke6 81. Kg5 Rf5+ 82.
Kh6 Kf7 83. g4 Ra5 84. h5 Kg8 85. Ne7+ Kf7 86. Ng6 Kg8 87. Nh4 Rb5 88. Nf5 Ra5 89.
Kg5 Kf7 90. h6 Kg8 91. Kg6 Ra6+ 92. Kh5 Kh7 93. g5 Kg8 94. g6 Ra5 95. Kg5 Rb5 96. h7+ Kh8 97. Kh6 Rb6 98. Nh4 Re6 99. Kg5 Rb6 100.
Kf5 Ra6 101. Kg5 Rb6 102. Kh5 Rc6 103. Nf3 Rxg6 104. Kxg6 1/2-1/2

[Event "Early-Titled-Tuesday-Blitz-July-09-2024"]
[Site "Chess.com"]
[Date "2024.07.09"]
[Round "6"]
[White "yaguigor"]
[Black "CSB7"]
[Result "1/2-1/2"]
[WhiteElo "2606"]
[BlackElo "2763"]
[TimeControl "180+1"]
[EndTime "9:11:36 PDT"]
[Termination "Game drawn by repetition"]

1. e4 e5 2. Nf3 Nc6 3. Bb5 a6 4. Ba4 Nf6 5. O-O Be7 6. Re1 b5 7. Bb3 O-O 8. c3 d5 9. exd5 Nxd5 10.
Nxe5 Nxe5 11. Rxe5 c6 12. d3 Bd6 13. Re1 Bf5 14. Qf3 Qh4 15. g3 Qh3 16. Bxd5 cxd5 17.
Bf4 Bg4 18. Qg2 Bxf4 19. Qxh3 Bxh3 20. gxf4 d4 21. Nd2 Rfd8 22. cxd4 Rxd4 23. Ne4 Rxd3 24.
Re3 Rxe3 25. fxe3 Re8 26. Ng5 Bf5 27. Kf2 Rc8 28. e4 h6 29. exf5 hxg5 30. fxg5 Rc2+ 31. Kg3 Rxb2 32. a4 Rb3+ 33. Kf2 Rb2+ 34. Kg3 Rb3+ 35. Kg2 b4 36. a5 Ra3 37. Rb1 Rxa5 38. Rxb4 Rxf5 39.
h4 g6 40. Rb8+ Kg7 41. Ra8 a5 42. Kg3 Rb5 43. Kf3 Rb3+ 44. Kg2 Rb2+ 45. Kg3 Rb3+ 46. Kg2 Ra3 47. Kh2 a4 48. Kg2 Ra1 49. Kh2 Kh7 50.
Kg2 Kg7 51. Kh2 Ra3 52. Kg2 Ra2+ 53. Kg3 a3 54. Kh3 Kh7 55. Kg3 Kg7 56. Kh3 Kh7 57. Kg3 Ra1 58. Kg2 Kg7 59. Kh2 f5 60. gxf6+ Kxf6 61. Kg3 Kf5 62. Ra4 Ke5 63. Ra6 Kf5 64. Ra4 Kf6 65. Ra5 Kg7 66. Ra8 Kh6 67. Rh8+ Kg7 68. Ra8 Kf7 69. Ra6 a2 70. Kg2 Ke7 71. Ra8 Kf6 72. Ra5 Ke6 73. Kh2 Kd6 74. Kg2 Kc6 75. Ra8 Kd5 76. Ra4 Kc5 77. Kh2 Kb5 78. Ra8 Kb4 79. Kg2 Kb3 80. Rb8+ Kc3 81. Rc8+ Kb3 82. Rb8+ Kc2 83. Rc8+ Kd3 84. Ra8 Ke3 85. Ra4 Ke2 86. Ra8 Kd3 87. Ra6 Ke4 88. Ra8 Kf4 89.
Ra4+ Kf5 90. Kh2 Ke5 91. Kg2 Kd5 92. Ra8 Kc5 93. Ra7 Kd4 94. Ra8 Kd3 95. Rd8+ Ke2 96.
Re8+ Kd2 97. Rd8+ Ke3 98. Ra8 Kf4 99. Ra4+ Ke5 100. Kh2 Kd5 101. Kg2 Kc5 102. Ra8 Kb4 103. Rb8+ Ka4 104. Ra8+ Kb5 105. Rb8+ Kc6 106. Ra8 Kd5 107. Ra4 1/2-1/2

[Event "Early-Titled-Tuesday-Blitz-July-09-2024"]
[Site "Chess.com"]
[Date "2024.07.09"]
[Round "6"]
[White "nrvisakh"]
[Black "SahibSinghKnight"]
[Result "1-0"]
[WhiteElo "2925"]
[BlackElo "2679"]
[TimeControl "180+1"]
[EndTime "9:12:22 PDT"]
[Termination "nrvisakh won by resignation"]

1. d4 d5 2. Bg5 f6 3. Bh4 c5 4. e3 Qb6 5. Nc3 cxd4 6. Qxd4 Qxd4 7. exd4 e6 8. Nb5 Na6 9. Bg3 Bd7 10. Nd6+ Bxd6 11. Bxd6 Rc8 12. c3 Nh6 13. Bd3 Nf7 14. Bg3 Nc7 15. Kd2 O-O 16. Nf3 Rfe8 17. Rhe1 Nb5 18. a4 Nbd6 19. b3 Bc6 20. Kc2 Ne4 21.
Bxe4 dxe4 22. Nd2 f5 23. Nc4 g5 24. Nd6 f4 25. Nxc8 Rxc8 26. c4 fxg3 27. hxg3 e5 28. Rad1 exd4 29. Rxd4 Ne5 30. f3 Nd3 31. Rf1 Nc5 32.
fxe4 Bxe4+ 33. Kb2 Bxg2 34. Rf5 h6 35. Rf6 Kg7 36. Rdd6 Be4 37. Rxh6 Bf5 38. Rh2 Ne4 39. Rd5 Kg6 40. Rg2 g4 41. Rd3 Rc6 42. Re2 Nc5 43. Rd5 Ne4 44. Re3 Re6 45. Ka3 Kg5 46. Rd7 Rb6 47.
Rd5 Kf6 48. a5 Rc6 49. Rd4 Ng5 50. Rd8 Nf3 51. Rf8+ Kg6 52. Re7 Ra6 53. b4 b6 54.
Ref7 Be6 55. Rf6+ Kg7 56. Rxe6 Kxf8 57. c5 Nd4 58. Re4 Nb5+ 59. Ka4 Nc3+ 60. Kb3 Nxe4 61.
Kc4 bxa5 62. Kb5 Rf6 63. c6 Nxg3 64. c7 Rf5+ 65. Ka6 axb4 66. c8=Q+ Kg7 67. Qc7+ Kg6 68. Qxg3 Kh5 69. Qh2+ Kg5 70. Qd2+ Rf4 71. Kb5 g3 72. Qd3 Kg4 73. Qg6+ Kf3 74. Qd3+ Kf2 75. Qd2+ Kf3 76. Qd1+ Ke3 77. Qe1+ Kf3 78. Qf1+ Kg4 79. Qg2 Rf2 80.
Qe4+ Rf4 81. Qg2 b3 82. Qe2+ Kh3 83. Qh5+ Rh4 84. Qf5+ Kh2 85. Qe5 Rg4 86. Qh5+ Kg1 87. Qxg4 g2 88. Qd1+ Kh2 89. Qe2 Kh1 90. Qe4 b2 91.
Qh4+ Kg1 92. Qe1+ Kh2 93. Qe5+ Kh1 94. Qh5+ Kg1 95. Qc5+ Kh1 96. Qh5+ Kg1 97. Qd1+ Kh2 98. Qd6+ Kh1 99. Qh6+ Kg1 100. Qh7 Kf2 101. Qf5+ Kg3 102. Qb1 Kh2 103. Qxb2 Kh1 104. Qh8+ Kg1 105. Kc4 Kf2 106. Qf6+ Kg3 107. Qg5+ Kh2 108. Qh4+ Kg1 109. Kd3 Kf1 110. Qf4+ Kg1 111. Ke3 Kh1 112. Qh4+ Kg1 113. Kf3 a5 114. Qf2+ 1-0

[Event "Early-Titled-Tuesday-Blitz-July-09-2024"]
[Site "Chess.com"]
[Date "2024.07.09"]
[Round "7"]
[White "GelmanAlexander"]
[Black "tgpgoat"]
[Result "1-0"]
[WhiteElo "2722"]
[BlackElo "2520"]
[TimeControl "180+1"]
[EndTime "9:14:52 PDT"]
[Termination "GelmanAlexander won by resignation"]

1. c4 Nf6 2. d3 e6 3. e3 d5 4. Nd2 Be7 5. Ngf3 O-O 6. b3 c5 7. Bb2 Nc6 8. a3 b6 9. Rg1 Bb7 10. g4 Nd7 11. g5 Bd6 12. h4 Nde5 13. h5 Nxf3+ 14. Nxf3 Ne5 15. Nxe5 Qc7 16. f4 dxc4 17. dxc4 Rfd8 18. Qc2 Bxe5 19. Bxe5 Qc6 20. Bg2 Qd7 21. Bxb7 Qxb7 22. Kf2 a5 23. Rad1 a4 24. bxa4 Qc6 25.
h6 g6 26. Bb2 f5 27. Qc3 1-0

[Event "Early-Titled-Tuesday-Blitz-July-09-2024"]
[Site "Chess.com"]
[Date "2024.07.09"]
[Round "7"]
[White "MrEscacs"]
[Black "ljuks68"]
[Result "0-1"]
[WhiteElo "2198"]
[BlackElo "2405"]
[TimeControl "180+1"]
[EndTime "9:15:33 PDT"]
[Termination "ljuks68 won by resignation"]

1. e4 e6 2. d4 d5 3. e5 c5 4. c3 Nc6 5. Nf3 Qb6 6. a3 c4 7. Nbd2 Na5 8. g3 Bd7 9. h4 f5 10. exf6 gxf6 11. Bh3 O-O-O 12. O-O Nh6 13. Re1 Rg8 14.
Rb1 Qc7 15. Nf1 Nf5 16. Bf4 Qxf4 0-1

[Event "Early-Titled-Tuesday-Blitz-July-09-2024"]
[Site "Chess.com"]
[Date "2024.07.09"]
[Round "7"]
[White "JueIes"]
[Black "Sasha_Solovev_777"]
[Result "1-0"]
[WhiteElo "2550"]
[BlackElo "2308"]
[TimeControl "180+1"]
[EndTime "9:15:57 PDT"]
[Termination "JueIes won by resignation"]

1. d4 Nf6 2. Bg5 d5 3. Nd2 c5 4. e3 Nc6 5. c3 e6 6. Ngf3 b6 7. Bd3 Be7 8. O-O O-O 9. Ne5 Nxe5 10. dxe5 Nd7 11. Bxe7 Qxe7 12. f4 f5 13. exf6 Qxf6 14.
e4 Bb7 15. e5 Qh6 16. g3 Rf7 17. Nf3 Raf8 18. Ng5 Re7 19. Bxh7+ Kh8 20. Bc2 Nxe5 21. fxe5 Rxf1+ 22. Qxf1 1-0

[Event "Early-Titled-Tuesday-Blitz-July-09-2024"]
[Site "Chess.com"]
[Date "2024.07.09"]
[Round "7"]
[White "banjadvorovi"]
[Black "Bulatova_Kamaliya"]
[Result "1-0"]
[WhiteElo "2434"]
[BlackElo "2308"]
[TimeControl "180+1"]
[EndTime "9:16:01 PDT"]
[Termination "banjadvorovi won by resignation"]

1. a3 a6 2. h3 h6 3. e4 Nf6 4. e5 Nd5 5. c4 Nb6 6. d4 d6 7. exd6 cxd6 8. Nf3 Nc6 9. d5 Nb8 10.
Be3 N8d7 11. Nbd2 Nc5 12. b4 Nca4 13. c5 Nxd5 14. Qxa4+ Bd7 15. Qb3 Be6 16. Bc4 Nc7 17.
Bxe6 Nxe6 18. cxd6 Qxd6 19. O-O g6 20. Nc4 Qc6 21.
Rac1 Qb5 22. a4 Qf5 23. Nd4 Nxd4 24. Bxd4 Rg8 25. a5 e6 26. Qa4+ Ke7 27. Nb6 Rd8 28. Rc7+ Kd6 29. Rd7+ 1-0

[Event "Early-Titled-Tuesday-Blitz-July-09-2024"]
[Site "Chess.com"]
[Date "2024.07.09"]
[Round "7"]
[White "Juicy_Fork"]
[Black "CrimeFightingSpider07"]
[Result "0-1"]
[WhiteElo "2449"]
[BlackElo "2614"]
[TimeControl "180+1"]
[EndTime "9:16:06 PDT"]
[Termination "CrimeFightingSpider07 won by resignation"]

1. e4 c5 2. Nf3 e6 3. d4 cxd4 4. Nxd4 a6 5. c4 Nf6 6. Nc3 Bb4 7. Qd3 Nc6 8. Nc2 Bxc3+ 9. Qxc3 O-O 10. Bd3 d5 11.
cxd5 exd5 12. exd5 Nxd5 13. Qc4 Ne5 14. Qe4 Nxd3+ 15.
Qxd3 Re8+ 16. Kf1 Ne3+ 17. Qxe3 Rxe3 18. Nxe3 Qd3+ 19. Ke1 Be6 20. Bd2 Re8 21. Bc3 Bc4 0-1

[Event "Early-Titled-Tuesday-Blitz-July-09-2024"]
[Site "Chess.com"]
[Date "2024.07.09"]
[Round "7"]
[White "lindsay790"]
[Black "Dino_Ballecer"]
[Result "0-1"]
[WhiteElo "2115"]
[BlackElo "2570"]
[TimeControl "180+1"]
[EndTime "9:16:15 PDT"]
[Termination "Dino_Ballecer won by resignation"]

1. e4 c5 2. Nf3 d6 3. d4 cxd4 4. Nxd4 Nf6 5. Nc3 g6 6. f3 Bg7 7.
Be3 O-O 8. Qd2 Nc6 9. Bc4 Bd7 10. O-O Rc8 11. Bb3 Ne5 12. Bh6 Nc4 13. Bxc4 Rxc4 14. Bxg7 Kxg7 15. g4 Qb6 16. Rad1 e5 17. Kh1 Rxd4 18.
Qg2 Qxb2 19. g5 Qxc3 20. gxf6+ Kxf6 21. f4 Rxd1 22. Rxd1 exf4 23. Rxd6+ Be6 24. Qf2 Qe5 0-1

[Event "Early-Titled-Tuesday-Blitz-July-09-2024"]
[Site "Chess.com"]
[Date "2024.07.09"]
[Round "7"]
[White "campochess"]
[Black "Redbandit87"]
[Result "0-1"]
[WhiteElo "2255"]
[BlackElo "2422"]
[TimeControl "180+1"]
[EndTime "9:16:26 PDT"]
[Termination "Redbandit87 won by checkmate"]

1. d4 d5 2. Bg5 h6 3. Bf4 c5 4. dxc5 Nc6 5. Nf3 Qa5+ 6. Nc3 e6 7. e3 Bxc5 8. Bb5 Bb4 9. Bxc6+ bxc6 10. O-O Ba6 11. Re1 Bxc3 12. bxc3 Nf6 13. Be5 O-O 14.
Bxf6 gxf6 15. Qd4 Kg7 16. Qg4+ Kh7 17. Qh4 Qxc3 18. e4 Rg8 19. Kh1 Rxg2 20. Kxg2 Rg8+ 21. Qg3 Rxg3+ 22. hxg3 dxe4 23. Nd2 f5 24. Nb3 Bc4 25. Nc5 e3 26. Nd7 Bd5+ 27. Kg1 exf2+ 28. Kxf2 Qf3+ 29. Kg1 Qg2# 0-1

[Event "Early-Titled-Tuesday-Blitz-July-09-2024"]
[Site "Chess.com"]
[Date "2024.07.09"]
[Round "7"]
[White "BaylavChess"]
[Black "gau248"]
[Result "0-1"]
[WhiteElo "2429"]
[BlackElo "2616"]
[TimeControl "180+1"]
[EndTime "9:16:35 PDT"]
[Termination "gau248 won by resignation"]

1. Nf3 Nf6 2. g3 c5 3. Bg2 g6 4.
c4 Bg7 5. O-O d5 6. cxd5 Nxd5 7.
Nc3 O-O 8. Qc2 Nb4 9. Qd1 Be6 10.
d3 N8c6 11. a3 Nd5 12. Bd2 Rc8 13. h4 Nd4 14. Ng5 Nxc3 15. Bxc3 Bd5 16. e3 Bxg2 17.
Kxg2 Qd5+ 18. Kh2 Nc6 19. Bxg7 Kxg7 20. Qc2 Rfd8 21. Qc3+ f6 22. Rad1 Ne5 23. Ne4 c4 24. f4 Ng4+ 25. Kh3 Nxe3 0-1

[Event "Early-Titled-Tuesday-Blitz-July-09-2024"]
[Site "Chess.com"]
[Date "2024.07.09"]
[Round "7"]
[White "brm72"]
[Black "betta2004"]
[Result "0-1"]
[WhiteElo "2663"]
[BlackElo "2530"]
[TimeControl "180+1"]
[EndTime "9:16:36 PDT"]
[Termination "betta2004 won by resignation"]

1. e4 c6 2. d4 d5 3. e5 c5 4. dxc5 Nc6 5. f4 e6 6. Be3 d4 7. Bf2 Bxc5 8. Nd2 Nge7 9. a3 Nf5 10. Bd3 O-O 11. Ne4 Bb6 12. Qe2 Nce7 13. Nf3 Nd5 14.
g3 Nde3 15. h3 Bd7 16. g4 Ng2+ 17. Kf1 Nxf4 18. Qd2 Nxd3 19. cxd3 Ne3+ 20. Kg1 Bc6 21. Kh2 Rc8 22. Rhg1 Bxe4 23. dxe4 Rc2 24. Qe1 d3 25. Kh1 Re2 0-1

[Event "Early-Titled-Tuesday-Blitz-July-09-2024"]
[Site "Chess.com"]
[Date "2024.07.09"]
[Round "7"]
[White "Fractingale"]
[Black "chenrip"]
[Result "1-0"]
[WhiteElo "2091"]
[BlackElo "2403"]
[TimeControl "180+1"]
[EndTime "9:16:36 PDT"]
[Termination "Fractingale won on time"]

1. c4 Nf6 2. Nc3 e6 3. e4 d6 4. g3 b6 5. Bg2 Bb7 6. Nge2 Nbd7 7. O-O e5 8. d3 Be7 9. h3 O-O 10. Be3 h6 11. f4 Nh7 12. b4 1-0

[Event "Early-Titled-Tuesday-Blitz-July-09-2024"]
[Site "Chess.com"]
[Date "2024.07.09"]
[Round "7"]
[White "cmunda"]
[Black "Irina_Mikhaylova"]
[Result "0-1"]
[WhiteElo "2099"]
[BlackElo "2384"]
[TimeControl "180+1"]
[EndTime "9:16:49 PDT"]
[Termination "Irina_Mikhaylova won by resignation"]

1. e4 c5 2. c3 d5 3. exd5 Qxd5 4. d4 Nf6 5. Nf3 Bg4 6. Be2 e6 7. O-O Nc6 8. Be3 cxd4 9. cxd4 Be7 10. Nc3 Qd6 11.
Qb3 O-O 12. Rad1 Rfd8 13. h3 Bh5 14. Rd2 Rab8 15. Rfd1 Nb4 16. Nb5 Qd7 17. Nxa7 b5 18.
a3 Qxa7 19. axb4 Nd5 20. Ne5 Bxe2 21. Nc6 Qc7 22. Nxd8 Bxd1 23. Qxd1 Qxd8 0-1

[Event "Early-Titled-Tuesday-Blitz-July-09-2024"]
[Site "Chess.com"]
[Date "2024.07.09"]
[Round "7"]
[White "luggevoila"]
[Black "masterofpuppets2"]
[Result "0-1"]
[WhiteElo "2319"]
[BlackElo "2473"]
[TimeControl "180+1"]
[EndTime "9:16:54 PDT"]
[Termination "masterofpuppets2 won by resignation"]

1. e4 c6 2. d4 d5 3. e5 Bf5 4. Nf3 e6 5. Be2 Ne7 6. O-O Ng6 7. c3 Nd7 8. h3 f6 9. exf6 Qxf6 10. Bg5 Qf7 11. Nbd2 Bd6 12. Re1 O-O 13. Nf1 e5 14.
dxe5 Ndxe5 15. Ng3 Nxf3+ 16. Bxf3 Bxh3 17. c4 h6 18. Be3 Nh4 19. Bh5 g6 20. Bg4 Bxg2 21.
cxd5 Bxd5 0-1

[Event "Early-Titled-Tuesday-Blitz-July-09-2024"]
[Site "Chess.com"]
[Date "2024.07.09"]
[Round "7"]
[White "yonaltimur"]
[Black "aanshnerurkar"]
[Result "1/2-1/2"]
[WhiteElo "2264"]
[BlackElo "2458"]
[TimeControl "180+1"]
[EndTime "9:17:09 PDT"]
[Termination "Game drawn by repetition"]

1. e4 c5 2. Nf3 d6 3. Bb5+ Nd7 4. O-O a6 5. Bd3 Ngf6 6. c3 b5 7. Bc2 Bb7 8. Re1 c4 9. a4 e6 10. d4 Be7 11. e5 Nd5 12. Nbd2 dxe5 13. dxe5 Nc5 14.
Ne4 Nxe4 15. Bxe4 O-O 16. Nd4 Bc5 17. axb5 axb5 18. Rxa8 Bxa8 19. Nxb5 Qb6 20. Nd4 Bxd4 21. Qxd4 Qxd4 22. cxd4 Rb8 23. Kf1 Bc6 24. f3 Kf8 25.
Ke2 Ke7 26. Bxd5 Bxd5 27. Kd1 Kd7 28. Re3 Ra8 29. Ra3 Rxa3 30. bxa3 Kc6 31. a4 Kb6 32. Bd2 Bc6 33. a5+ Kb5 34. Kc2 Bd5 35. Bc3 f5 36.
exf6 gxf6 37. Kd2 Ka4 38. Ke3 Kb3 39. Kd2 Ka4 40. Ke3 Kb3 41. Kd2 Ka4 1/2-1/2

[Event "Early-Titled-Tuesday-Blitz-July-09-2024"]
[Site "Chess.com"]
[Date "2024.07.09"]
[Round "7"]
[White "DFeco"]
[Black "talaicito"]
[Result "0-1"]
[WhiteElo "2438"]
[BlackElo "2355"]
[TimeControl "180+1"]
[EndTime "9:17:09 PDT"]
[Termination "talaicito won by resignation"]

1. d4 e6 2. Nf3 f5 3. c4 Nf6 4. Nc3 Bb4 5. Bd2 O-O 6. e3 d6 7. Bd3 Nc6 8. O-O e5 9. d5 Nb8 10. e4 Bxc3 11. Bxc3 fxe4 12. Bc2 exf3 13. Qxf3 a5 14. Qg3 Nh5 15. Qd3 Bf5 16. Qd2 Bxc2 17. Qxc2 b6 18. g3 Nd7 19. b3 Qg5 20. h3 Nxg3 21.
fxg3 Qxg3+ 22. Kh1 Qxh3+ 23. Kg1 Qg3+ 24. Kh1 Nc5 25. Bb2 Nd3 0-1

[Event "Early-Titled-Tuesday-Blitz-July-09-2024"]
[Site "Chess.com"]
[Date "2024.07.09"]
[Round "7"]
[White "FrenchPlayer2203"]
[Black "MikeWizard"]
[Result "1-0"]
[WhiteElo "2280"]
[BlackElo "2075"]
[TimeControl "180+1"]
[EndTime "9:17:12 PDT"]
[Termination "FrenchPlayer2203 won by resignation"]

1. d4 Nf6 2. c4 c5 3. d5 b5 4.
cxb5 a6 5. bxa6 Bxa6 6. Nc3 d6 7.
e4 Bxf1 8. Kxf1 g6 9. Nf3 Bg7 10. g3 O-O 11. Kg2 Qb6 12. a4 Na6 13. Re1 Nd7 14. Nb5 Nc7 15. Nxc7 Qxc7 16. Qc2 Rfb8 17. Rb1 Qa5 18. b3 Qb4 19. Bd2 Qa3 20. Bg5 Kf8 21. Nd2 Nb6 22. Nc4 Nxc4 23. Qxc4 Rb4 24. Qc2 Rab8 25. Bc1 Rxb3 26. Bxa3 1-0

[Event "Early-Titled-Tuesday-Blitz-July-09-2024"]
[Site "Chess.com"]
[Date "2024.07.09"]
[Round "7"]
[White "KorolDimitriy75"]
[Black "Erdnya15"]
[Result "0-1"]
[WhiteElo "2402"]
[BlackElo "2595"]
[TimeControl "180+1"]
[EndTime "9:17:21 PDT"]
[Termination "Erdnya15 won on time"]

1. d4 h6 2. c4 g5 3. Nc3 Bg7 4. e4 d6 5. Be3 Nd7 6. h4 gxh4 7.
Rxh4 e5 8. Nf3 Ngf6 9. Qd2 h5 10. Bg5 c6 11. O-O-O Qe7 12. g3 b6 13. Bh3 Nf8 14. Bxc8 Rxc8 15. dxe5 dxe5 16. Rhh1 Ne6 17. Be3 Ng4 18. Kb1 Rd8 19. Qe2 Nd4 20. Bxd4 exd4 21. Na4 d3 0-1

[Event "Early-Titled-Tuesday-Blitz-July-09-2024"]
[Site "Chess.com"]
[Date "2024.07.09"]
[Round "7"]
[White "AGW2016"]
[Black "nicolochessit"]
[Result "1-0"]
[WhiteElo "2583"]
[BlackElo "2377"]
[TimeControl "180+1"]
[EndTime "9:17:25 PDT"]
[Termination "AGW2016 won by resignation"]

1. d4 f5 2. g3 Nf6 3. Bg2 g6 4. c4 Bg7 5. Nc3 O-O 6. Nf3 d6 7. O-O c6 8. Re1 Ne4 9. Qc2 Nxc3 10. Qxc3 e5 11. dxe5 dxe5 12. e4 f4 13. b3 Bg4 14. Ba3 Rf7 15. Rad1 Qe8 16. h3 Bxf3 17. Bxf3 fxg3 18. fxg3 Na6 19. Bg4 h5 20. Be2 Nc7 21. c5 Kh7 22. Bc4 Ne6 23. Rd6 Re7 24. Bxe6 Rxe6 25. Red1 b6 26. Bc1 bxc5 27. Qxc5 Bf8 28. Rd7+ Re7 29. Rxe7+ Qxe7 30. Qxe7+ Bxe7 31. Rd7 Re8 32. Bg5 1-0

[Event "Early-Titled-Tuesday-Blitz-July-09-2024"]
[Site "Chess.com"]
[Date "2024.07.09"]
[Round "7"]
[White "GMAneta"]
[Black "Radislav_Atanasov"]
[Result "1-0"]
[WhiteElo "2642"]
[BlackElo "2431"]
[TimeControl "180+1"]
[EndTime "9:17:26 PDT"]
[Termination "GMAneta won by resignation"]

1. d4 Nf6 2. Nf3 c5 3. d5 e6 4.
c4 exd5 5. cxd5 d6 6. Nc3 g6 7. Nd2 Nbd7 8. Nc4 Nb6 9. e4 Nxc4 10. Bxc4 Bg7 11. h3 O-O 12. O-O Re8 13. Re1 a6 14.
a4 Rb8 15. Bf4 Qc7 16. Qd2 Bd7 17. e5 dxe5 18. d6 Qa5 19. Bxe5 Qb4 20. Qf4 Nh5 21. Qxf7+ Kh8 22. Bxg7+ Nxg7 23. Qxd7 Qxc4 24. Rxe8+ Rxe8 25. Qxb7 Qd4 26. Rd1 Qf6 27. d7 Rf8 28. Ne4 Qh4 29. g3 Qe7 30. d8=Q 1-0

[Event "Early-Titled-Tuesday-Blitz-July-09-2024"]
[Site "Chess.com"]
[Date "2024.07.09"]
[Round "7"]
[White "j_coca"]
[Black "manitodeplomo"]
[Result "0-1"]
[WhiteElo "2417"]
[BlackElo "2599"]
[TimeControl "180+1"]
[EndTime "9:17:29 PDT"]
[Termination "manitodeplomo won by resignation"]

1. f4 g6 2. Nf3 Bg7 3. e3 c5 4. d4 Nf6 5. c3 O-O 6. Bd3 d6 7. O-O Nc6 8. Nbd2 e5 9. dxc5 dxc5 10. Qc2 Nd5 11. Re1 Ndb4 12. cxb4 Nxb4 13. Qxc5 Nxd3 14. Qc2 Nxe1 15. Nxe1 exf4 16. exf4 Bf5 17. Qb3 Qd4+ 18. Kh1 Rfe8 19. Ndf3 Qf2 20. Bd2 Re2 21. Bc3 Rae8 22. h3 Bxc3 23. Qxc3 R8e3 24. Qb4 Rxf3 0-1

[Event "Early-Titled-Tuesday-Blitz-July-09-2024"]
[Site "Chess.com"]
[Date "2024.07.09"]
[Round "7"]
[White "Szachulec75"]
[Black "Boudicca64"]
[Result "1-0"]
[WhiteElo "2240"]
[BlackElo "1941"]
[TimeControl "180+1"]
[EndTime "9:17:32 PDT"]
[Termination "Szachulec75 won by resignation"]

1. Nf3 Nf6 2. g3 g6 3. Bg2 Bg7 4. d3 O-O 5. O-O d6 6. e4 c5 7. Nc3 Nc6 8. Bg5 h6 9. Be3 b6 10. h3 Bb7 11. Qd2 e5 12. Bxh6 Nd4 13. Bxg7 Kxg7 14. Nd1 Rh8 15. Ng5 d5 16. c3 Ne6 17.
Nxe6+ fxe6 18. Qe2 Nh5 19. exd5 Bxd5 20. Qxe5+ Kh7 21.
Ne3 Bxg2 22. Kxg2 Re8 23. Rad1 Qe7 24. Rfe1 Rf8 25. Ng4 Qb7+ 26. Kg1 Rf3 27. Qe4 Qf7 28. Ne5 Nxg3 29. Qxf3 1-0

[Event "Early-Titled-Tuesday-Blitz-July-09-2024"]
[Site "Chess.com"]
[Date "2024.07.09"]
[Round "7"]
[White "chrisclaireredfield"]
[Black "KogotBobra17"]
[Result "1-0"]
[WhiteElo "2522"]
[BlackElo "2651"]
[TimeControl "180+1"]
[EndTime "9:17:33 PDT"]
[Termination "chrisclaireredfield won by resignation"]

1. Nf3 b5 2. Na3 b4 3. Nc4 d5 4. Nce5 f6 5. Nd3 e5 6. Ng1 c5 7. a3 Nc6 8. axb4 c4 9. Nc5 Nxb4 10. c3 Nc6 11. d4 Bxc5 12. dxc5 Nge7 13. e4 Be6 14. exd5 Bxd5 15. Qa4 Qd7 16. Nf3 Qe6 17.
Nd2 Qg4 18. h3 Qg6 19. Nxc4 O-O 20. Ne3 Kh8 21. Nxd5 Nxd5 22. Qxc6 Nf4 23. Bxf4 exf4 24. O-O-O Rac8 25. Qd5 a5 26. Bd3 Qh6 27. Kb1 a4 28. Ka2 Rfd8 29. Qf5 a3 30. b4 f3 31. gxf3 Qxh3 1-0

[Event "Early-Titled-Tuesday-Blitz-July-09-2024"]
[Site "Chess.com"]
[Date "2024.07.09"]
[Round "7"]
[White "GMT4114"]
[Black "Twinstulle"]
[Result "1-0"]
[WhiteElo "1974"]
[BlackElo "2347"]
[TimeControl "180+1"]
[EndTime "9:17:37 PDT"]
[Termination "GMT4114 won by checkmate"]

1. e4 c5 2. Nc3 e6 3. Nge2 Nc6 4. g3 d6 5. Bg2 Bd7 6. O-O Nf6 7. d3 Be7 8. f4 O-O 9. h3 Rb8 10. g4 b5 11. Ng3 b4 12. Nce2 Nd4 13. g5 Ne8 14. h4 Ba4 15. b3 Bc6 16. f5 Nc7 17. Nxd4 cxd4 18. Qg4 Kh8 19. Nh5 Rg8 20. Nf4 e5 21. Nh3 f6 22. a3 bxa3 23. Bxa3 Nb5 24. Bc1 Rb7 25. Qh5 Bf8 26. Kh2 Nc3 27. Bf3 Be8 28. g6 a5 29. Qxh7# 1-0

[Event "Early-Titled-Tuesday-Blitz-July-09-2024"]
[Site "Chess.com"]
[Date "2024.07.09"]
[Round "7"]
[White "gafkens"]
[Black "gmpeter008"]
[Result "0-1"]
[WhiteElo "2634"]
[BlackElo "2477"]
[TimeControl "180+1"]
[EndTime "9:17:39 PDT"]
[Termination "gmpeter008 won by resignation"]

1. e4 e5 2. Nf3 Nc6 3. d4 exd4 4. Nxd4 Nf6 5. Nxc6 bxc6 6. Bd3 d6 7. O-O Be7 8. f4 O-O 9. h3 Nd7 10. c3 Nc5 11.
Bc2 a5 12. Qf3 d5 13. e5 f5 14. exf6 Bxf6 15. Be3 Ne4 16. Nd2 Nxd2 17. Bxd2 Ba6 18.
Rfe1 Rb8 19. b3 d4 20. c4 d3 21. Bxd3 Bxa1 22. Rxa1 Qd4+ 23. Kh2 Rbd8 0-1

[Event "Early-Titled-Tuesday-Blitz-July-09-2024"]
[Site "Chess.com"]
[Date "2024.07.09"]
[Round "7"]
[White "Ganziitoo"]
[Black "wannabe2700"]
[Result "0-1"]
[WhiteElo "2260"]
[BlackElo "2548"]
[TimeControl "180+1"]
[EndTime "9:17:39 PDT"]
[Termination "wannabe2700 won by resignation"]

1. e4 c6 2. d4 d5 3. e5 c5 4. Nf3 cxd4 5. Nxd4 Nc6 6. Nxc6 bxc6 7. Bd3 e6 8. O-O a5 9. Nd2 Ba6 10. Bxa6 Rxa6 11.
Nf3 c5 12. Qe2 c4 13. Be3 Ne7 14. Bg5 Qc7 15. h4 Nc6 16. c3 Bc5 17. h5 h6 18.
Bf4 O-O 19. Rad1 Rb8 20. Nd4 Rab6 21. Rd2 Qb7 22. Qg4 Kh8 23. Rb1 Bxd4 24. cxd4 c3 25.
Rc2 Rxb2 26. Rbc1 Nxd4 27. Bxh6 gxh6 28. Qxd4 Rxc2 0-1

[Event "Early-Titled-Tuesday-Blitz-July-09-2024"]
[Site "Chess.com"]
[Date "2024.07.09"]
[Round "7"]
[White "ansko1999"]
[Black "Pachonpower"]
[Result "1-0"]
[WhiteElo "2631"]
[BlackElo "2464"]
[TimeControl "180+1"]
[EndTime "9:17:41 PDT"]
[Termination "ansko1999 won by resignation"]

1. Nc3 d5 2. e4 dxe4 3. Nxe4 Nf6 4. Nxf6+ exf6 5. d4 Bd6 6. Bd3 O-O 7. Ne2 Nc6 8. O-O Re8 9. c3 Ne7 10. Ng3 Ng6 11.
f4 c5 12. f5 Ne7 13. Qg4 Kh8 14. Nh5 Rg8 15. Be3 Nd5 16. Bd2 cxd4 17. cxd4 Qb6 18. Bc4 Nf4 19. Nxf4 Qxd4+ 20. Rf2 Qxc4 21. Ng6+ fxg6 22. Qxc4 Bxf5 23. Rxf5 gxf5 24. Bf4 Rac8 25. Qa4 Bc5+ 26. Kh1 Rge8 27. Rc1 Bf8 28. Rf1 Re4 29.
Qxa7 Rxf4 30. Rxf4 Rc1+ 31. Qg1 Rxg1+ 32. Kxg1 Bc5+ 33.
Kf1 g6 34. Rc4 Bd6 35. a4 Bxh2 36. Rb4 Kg7 37. Rxb7+ Kh6 38. a5 Kg5 39. a6 Bd6 40. a7 1-0